 Dungeon Crawl Stone Soup version 0.28-a0-664-gc179e30c89 (webtiles) character file.

Game seed: 9451996484644974612

219 kae the Ruffian (level 5, -2/42 HPs)
             Began as a Draconian Transmuter on Oct 15, 2021.
             Was an Initiate of Ru.
             Slain by an iguana (10 damage)
             ... on level 4 of the Dungeon.
             The game lasted 00:02:39 (3695 turns).

kae the Ruffian (Draconian Transmuter)              Turns: 3695, Time: 00:02:39

Health: -2/42      AC:  7    Str: 13    XL:     5   Next: 64%
Magic:  8/8        EV: 12    Int: 14    God:    Ru [......]
Gold:   202        SH:  0    Dex: 11    Spells: 4/8 levels left

rFire   . . .      SeeInvis .   c - +3 short sword
rCold   . . .      Faith    .   (no shield)
rNeg    . . .      Spirit   .   (armour unavailable)
rPois   .          Reflect  .   (helmet restricted)
rElec   .          Harm     .   l - +1 cloak
rCorr   .          Rampage  .   (no gloves)
Will    .....                   (no boots)
Stlth   +.........              (no amulet)
HPRegen 0.14/turn               (no ring)
MPRegen 0.11/turn               (no ring)

@: no status effects
A: AC +5, unfitting armour, cold-blooded
a: Renounce Religion


You were on level 4 of the Dungeon.
You worshipped Ru.
Ru was noncommittal.
You visited 1 branch of the dungeon, and saw 4 of its levels.

You collected 202 gold pieces.

Inventory:

Hand Weapons
 c - a +3 short sword (weapon)
Armour
 l - a +1 cloak (worn)
Jewellery
 a - a +4 ring of evasion
 k - a ring of positive energy
 m - a +4 ring of slaying
Scrolls
 b - 2 scrolls of amnesia
Potions
 d - a potion of attraction
 e - a potion of invisibility
 f - a potion of heal wounds
 g - a potion of brilliance {unknown}
 h - a potion of ambrosia {unknown}
 i - a potion of might {unknown}
 j - a potion of degeneration {unknown}
 n - a potion of curing


   Skills:
 + Level 2.7 Fighting
 - Level 1.7 Dodging
 * Level 4.6 Unarmed Combat
 - Level 2.0 Spellcasting
 * Level 3.4 Transmutations
 - Level 2.0 Poison Magic


You had 4 spell levels left.
You knew the following spells:

 Your Spells              Type           Power      Damage    Failure   Level
a - Beastly Appendage     Tmut           22%        N/A       6%          1
b - Spider Form           Tmut/Pois      4%         N/A       24%         3

Your spell library contained the following spells:

 Spells                   Type           Power      Damage    Failure   Level
 Wereblood                Tmut           11%        N/A       9%          2
 Magic Dart               Conj           4%         1d3       24%         1
 Call Imp                 Summ           1%         N/A       34%         2
 Ignite Poison            Fire/Tmut/Pois 6%         N/A       34%         3
 Mephitic Cloud           Conj/Pois/Air  3%         N/A       50%         3
 Ice Form                 Ice/Tmut       6%         N/A       75%         4
 Freezing Cloud           Conj/Ice/Air   0%         6-21      100%        5


Dungeon Overview and Level Annotations

Branches:
Dungeon (4/15)
 Temple: D:4-7

Altars:
Gozag
Nemelex Xobeh
Ru
Trog
Uskayaw
Vehumet
Zin


Innate Abilities, Weirdness & Mutations

Your plain brown scales are hard. (AC +5)
You cannot fit into any form of body armour.
You are cold-blooded and may be slowed by cold attacks.


Message History

Your transformation is almost over.
The phantom barely misses you.
You barely miss the phantom. Your headbutt misses the phantom.
The phantom is severely damaged.
The phantom hits you.
The phantom blinks!
You blink.
A dart slug comes into view.
An iguana comes into view.
You closely miss the phantom.
The iguana hisses angrily.
Your headbutt misses the phantom.
The phantom is severely damaged.
The phantom hits you!
The phantom blinks!
You blink.
An endoplasm comes into view.
Found a pair of boots, a chain mail and a runed dagger.
The endoplasm quivers.
You hit the phantom.
Your tail-slap misses the phantom.
The phantom is almost destroyed.
The phantom closely misses you.
You hit the phantom. Your kick misses the phantom.
You headbutt the phantom, but do no damage.
Your tail-slap misses the phantom.
The phantom is almost destroyed.
The phantom hits you.
The phantom blinks!
You blink.
An iguana comes into view.
Found a stone staircase leading down.
The iguana hisses angrily.
The phantom misses you.
You closely miss the phantom. Your kick misses the phantom.
The phantom is almost destroyed.
The iguana barely misses you.
The phantom hits you but does no damage.
You closely miss the phantom.
The phantom is almost destroyed.
Your horns disappear.
Your talons disappear.
The iguana bites you!
* * * LOW HITPOINT WARNING * * *
The phantom misses you.
You closely miss the phantom.
Your tail-slap misses the phantom.
The phantom is almost destroyed.
The iguana bites you!
You die...

#.###.##)#.....w...# ...
#...#.##.######.####....
#.###.##.....##w## #...
#.###.######.##..#...#
#...#.. #.###l#..?#
#.#.##. #.###.#...##
.....## ###((........#
.....# #..#...W.##..#
.....# #..#...@.# #
.....# #..#...l.# .....#
#..#......# ######
#..#....#....
#..#....#...#
##########..# ..# .>.


You could see a phantom, 2 iguanas and a dart slug.

Vanquished Creatures
  An orc priest (D:3)
  A centaur skeleton (D:4)
  Jessica (D:2)
  Robin (D:2)
  4 adders
  A worm (D:2)
  A dart slug (D:2)
  4 orcs (D:3)
  6 endoplasms
  3 giant cockroaches
  14 goblins
  4 hobgoblins
  8 jackals
  5 quokkas
  7 ball pythons
  4 bats (D:1)
  2 frilled lizards (D:3)
  8 kobolds
  3 rats
78 creatures vanquished.

Vanquished Creatures (others)
  A plant (D:2)
1 creature vanquished.

Grand Total: 79 creatures vanquished

Notes
Turn   | Place    | Note
-------+----------+-------------------------------------------
     0 | D:1      | kae the Draconian Transmuter began the quest for the Orb.
     0 | D:1      | Reached XP level 1. HP: 16/16 MP: 3/3
   326 | D:1      | Reached XP level 2. HP: 14/23 MP: 3/5
   984 | D:1      | Reached XP level 3. HP: 29/29 MP: 4/6
   988 | D:1      | Learned a level 3 spell: Spider Form
  1390 | D:2      | Found a sparkling altar of Nemelex Xobeh.
  1541 | D:2      | Noticed Robin
  1552 | D:2      | Killed Robin
  1668 | D:2      | Noticed Jessica
  1672 | D:2      | Killed Jessica
  1673 | D:2      | Reached skill level 4 in Unarmed Combat
  1673 | D:2      | Reached skill level 1 in Poison Magic
  1673 | D:2      | Reached XP level 4. HP: 36/36 MP: 5/7
  1863 | D:2      | Found a faded altar of an unknown god.
  2327 | D:3      | Found a glowing silver altar of Zin.
  2519 | D:3      | Reached XP level 5. HP: 15/42 MP: 4/8
  2727 | D:3      | Found a radiant altar of Vehumet.
  2808 | D:3      | Found a hide-covered altar of Uskayaw.
  2812 | D:3      | Found a bloodstained altar of Trog.
  3027 | D:3      | Found an opulent altar of Gozag.
  3304 | D:3      | Found a sacrificial altar of Ru.
  3374 | D:3      | Became a worshipper of Ru the Awakened
  3655 | D:4      | Noticed a phantom
  3695 | D:4      | Slain by an iguana

Illustrated notes

Levels and vault maps discovered:
D:1:      eino_arrival_tree_alley, layout_basic
D:2:      layout_loops_ring, basic_altar,
          dreamdust_ecumenical_altar_hidden_monk_grotto, uniq_jessica,
          uniq_robin
D:3:      layout_basic, nicolae_overflow_crystal_walls,
          mainiacjoe_overflow_cross_hatched, mainiacjoe_overflow_catwalk,
          jmf_multi_god_temple, mainiacjoe_overflow_alcove_1
D:4:      layout_basic, okawaru_altar_gauntlet_db, ebering_ghost_sewer_f

Skill      XL: |  1  2  3  4  5 |
---------------+----------------+-----
Fighting       | 2 |  2.7
Unarmed Combat | 4 |  4.6
Poison Magic   | 1 2 |  2.0
Transmutations | 3 |  3.4
Dodging        | |  1.7
Spellcasting   | |  2.0

Action                   |  1- 3 |  4- 6 || total
-------------------------+-------+-------++-------
Melee: Unarmed           |    35 |    10 ||    45
       Kick              |    15 |    14 ||    29
       Headbutt          |    13 |     7 ||    20
       Short sword       |    69 |   120 ||   189
       Tailslap          |     4 |     9 ||    13
       Punch             |       |     2 ||     2
 Cast: Beastly Appendage |    21 |    19 ||    40
       Spider Form       |       |     1 ||     1
  Use: Scroll            |     2 |     3 ||     5
       Potion            |       |     3 ||     3
 Stab: Sleeping          |     1 |       ||     1
Armor: Skin              |    35 |    39 ||    74
Dodge: Dodged            |    59 |   107 ||   166

Table legend: (Time is in decaauts)
 A = Elapsed time spent in this place.
 B = Non-inter-level travel time spent in this place.
 C = Inter-level travel time spent in this place.
 D = Time resting spent in this place.
 E = Time spent auto-exploring this place.
 F = Levels seen in this place.
 G = Mean time per level.
                   A        B        C        D        E       F      G
               +--------+--------+--------+--------+--------+-----+--------+
         Total |   3716 |   3588 |    128 |     19 |   2970 |   4 |  929.0 |
       Dungeon |   3716 |   3588 |    128 |     19 |   2970 |   4 |  929.0 |
               +--------+--------+--------+--------+--------+-----+--------+

Top non-repeatable levels by time:
     D:1: 1264 daAuts
     D:3: 1224 daAuts
     D:2: 972 daAuts
     D:4: 255 daAuts
